 Dungeon Crawl Stone Soup version 0.28-a0-723-g095bd1b44f (webtiles) character file.

Game seed: 9174879492570008061

206 rogsnak the Digger (level 5, 0/30 HPs)
             Began as a Gargoyle Earth Elementalist on Oct 26, 2021.
             Killed from afar by an orc wizard (7 damage)
             ... with a magic dart
             ... on level 4 of the Dungeon.
             The game lasted 00:06:01 (3569 turns).

rogsnak the Digger (Gargoyle Earth Elementalist)    Turns: 3569, Time: 00:06:01

Health: 0/30       AC:  8    Str: 12    XL:     5   Next: 84%
Magic:  1/9        EV: 12    Int: 16    God:
Gold:   73         SH:  0    Dex: 10    Spells: 5/9 levels left

rFire   . . .      SeeInvis .   i - +0 long sword
rCold   . . .      Faith    .   (no shield)
rNeg    + . .      Spirit   .   b - +0 robe
rPois   ∞          Reflect  .   (no helmet)
rElec   +          Harm     .   (no cloak)
rCorr   +          Rampage  .   j - +1 pair of gloves
Will    .....                   (no boots)
Stlth   ++........              (no amulet)
HPRegen 0.10/turn               q - ring of resist corrosion
MPRegen 0.11/turn               s - ring of wizardry

@: no status effects
A: sickness immunity, AC +4, negative energy resistance 1, electricity
resistance, torment resistance 1, petrification resistance
a: no special abilities


You were on level 4 of the Dungeon.
You visited 1 branch of the dungeon, and saw 4 of its levels.

You collected 73 gold pieces.

Inventory:

Hand Weapons
 f - a +0 club
 i - a +0 long sword (weapon)
Missiles
 c - 49 stones
 d - 90 arrows
 r - 10 poisoned darts
Armour
 b - a +0 robe (worn)
 j - a +1 pair of gloves (worn)
Jewellery
 q - a ring of resist corrosion (left hand)
 s - a ring of wizardry (right hand)
Scrolls
 g - a scroll of blinking
 k - a scroll of silence
 m - a scroll of identify
 o - a scroll of noise {unknown}
 p - a scroll of magic mapping {unknown}
 t - a scroll of holy word {unknown}
 u - a scroll of enchant weapon {unknown}


   Skills:
 + Level 2.1 Fighting
 + Level 2.8 Dodging
 - Level 2.1 Stealth
 + Level 2.9 Spellcasting
 * Level 2.1 Conjurations
 + Level 0.7 Transmutations
 + Level 4.6 Earth Magic


You had 5 spell levels left.
You knew the following spells:

 Your Spells              Type           Power      Damage    Failure   Level
a - Sandblast             Erth           34%        2d9       1%          1
b - Stone Arrow           Conj/Erth      26%        3d8       6%          3

Your spell library contained the following spells:

 Spells                   Type           Power      Damage    Failure   Level
 Passwall                 Tmut/Erth      8%         N/A       4%          2
 Petrify                  Tmut/Erth      10%        N/A       24%         4


Dungeon Overview and Level Annotations

Branches:
Dungeon (4/15)
 Temple: D:4-7

Altars:

Shops:
D:2 !


Innate Abilities, Weirdness & Mutations

You are immune to sickness and miasma.
Your stone body is resilient. (AC +4)
You are immune to poison.
You resist negative energy. (rN+)
You are resistant to electric shocks. (rElec)
You are resistant to unholy torment.
You are immune to petrification.


Message History

Unknown command.
Unknown command.
As you read the scroll labelled RUTOLEEREW, it crumbles to dust.
You feel a strange sense of stasis.
It was a scroll of teleportation.
The iguana bites you.
* * * LOW HITPOINT WARNING * * *
The orc wizard hits you but does no damage.
Unknown command.
You barely miss the iguana.
The iguana is severely wounded.
The iguana bites you but does no damage.
The orc wizard hits you but does no damage.
Unknown command.
Unknown command.
You barely miss the iguana.
The iguana is severely wounded.
The iguana bites you but does no damage.
The orc wizard casts a spell at you.
The magic dart hits you but does no damage.
Unknown command.
You barely miss the iguana.
The iguana is severely wounded.
You feel yourself slow down.
The iguana bites you but does no damage.
The orc wizard casts a spell at you.
The puff of flame hits you but does no damage.
You barely miss the iguana.
The iguana is severely wounded.
The orc wizard hits you but does no damage.
The iguana bites you but does no damage.
You closely miss the iguana.
The iguana is severely wounded.
You feel less wooden.
Your +1 pair of gloves unmelds from your body.
Your +0 robe unmelds from your body.
The iguana hisses menacingly.
The iguana closely misses you.
The orc wizard points at you and mumbles some strange words.
The magic dart hits you!
You die...

##..## #..####
####..## #..#...
###...#..## #....##
#.....##..## ##.####
#.........o.#######.##
...............##..##
........w######...##
.......oo## ###.#
.......ol@# #.#
.......### #.# ....###
#.# #### ##. . .


You could see an iguana, an orc wizard, a dart slug and 2 orcs.

Vanquished Creatures
  A phantom (D:4)
  An orc priest (D:4)
  An orc wizard (D:4)
  A hound skeleton (D:4)
  2 adders
  2 adder skeletons (D:4)
  A worm (D:4)
  2 dart slugs (D:2)
  An endoplasm (D:4)
  A giant cockroach (D:3)
  5 goblins
  3 hobgoblins
  4 jackals (D:2)
  2 quokkas
  4 ball pythons
  2 frilled lizards
  5 kobolds
  3 rats
41 creatures vanquished.

Notes
Turn   | Place    | Note
-------+----------+-------------------------------------------
     0 | D:1      | rogsnak the Gargoyle Earth Elementalist began the quest for
                  | the Orb.
     0 | D:1      | Reached XP level 1. HP: 10/10 MP: 3/3
   175 | D:1      | You fall into a shaft and drop 1 floor!
   485 | D:2      | Reached XP level 2. HP: 16/16 MP: 5/5
   526 | D:2      | Found Bokykame's Distillery.
   973 | D:2      | Reached XP level 3. HP: 13/20 MP: 6/6
   977 | D:2      | Learned a level 3 spell: Stone Arrow
  1133 | D:2      | Reached skill level 4 in Earth Magic
  2884 | D:4      | Reached skill level 1 in Fighting
  2884 | D:4      | Reached skill level 1 in Conjurations
  2884 | D:4      | Reached XP level 4. HP: 21/25 MP: 7/7
  3480 | D:4      | Noticed a phantom
  3492 | D:4      | Killed a phantom
  3493 | D:4      | Reached XP level 5. HP: 21/30 MP: 5/9
  3569 | D:4      | Killed from afar by an orc wizard

Illustrated notes

Levels and vault maps discovered:
D:1:      eino_arrival_water_cross, layout_basic, chequers_hall_statues_y
D:2:      layout_basic, serial_shops, nicolae_diamond_shop
D:3:      layout_rooms, palyth_stone_intersect, ebering_dispersal_statue_hall,
          kennysheep_decorative_pillar, minmay_liquid_box
D:4:      layout_cave_pods, mainiacjoe_overflow_cross_hatched,
          jmf_multi_god_temple2, kennysheep_flooded_box

Skill      XL: |  1  2  3  4  5 |
---------------+----------------+-----
Dodging        | 2 |  2.8
Earth Magic    | 4 |  4.6
Fighting       | 1 2 |  2.1
Conjurations   | 1 2 |  2.1
Stealth        | |  2.1
Spellcasting   | |  2.9
Transmutations | |  0.7

Action                   |  1- 3 |  4- 6 || total
-------------------------+-------+-------++-------
Melee: Unarmed           |    17 |       ||    17
       Club              |    11 |       ||    11
       Long sword        |    90 |    63 ||   153
 Cast: Sandblast         |     2 |     7 ||     9
       Stone Arrow       |       |     5 ||     5
  Use: Scroll            |       |     4 ||     4
       Potion            |       |     3 ||     3
 Stab: Sleeping          |     4 |       ||     4
       Distracted        |     1 |       ||     1
Armor: Robe              |    46 |    15 ||    61
       Skin              |       |    51 ||    51
Dodge: Dodged            |    67 |    28 ||    95

Table legend: (Time is in decaauts)
 A = Elapsed time spent in this place.
 B = Non-inter-level travel time spent in this place.
 C = Inter-level travel time spent in this place.
 D = Time resting spent in this place.
 E = Time spent auto-exploring this place.
 F = Levels seen in this place.
 G = Mean time per level.
                   A        B        C        D        E       F      G
               +--------+--------+--------+--------+--------+-----+--------+
         Total |   3618 |   3556 |     62 |    525 |   2445 |   4 |  904.5 |
       Dungeon |   3618 |   3556 |     62 |    525 |   2445 |   4 |  904.5 |
               +--------+--------+--------+--------+--------+-----+--------+

Top non-repeatable levels by time:
     D:2: 1620 daAuts
     D:4: 702 daAuts
     D:3: 658 daAuts
     D:1: 637 daAuts
